AoeStats
← aupaathletic

Arena

509623717Analyzed
3v3 RM · 3d ago on Sep 27, 2026· 48m 10s· 6 players
Game mode
Random Map
Map size
Normal (6 player)
Population
200
Speed
Normal
Resources
Standard
Victory
Conquest
Starting age
Dark Age
Ending age
Imperial Age
RankedLock teamsTeams togetherTeam positionsShared explorationLock speedFull tech treeHidden civsTurbo modeCheats
Victory
Defeat
🇩🇪 Celts · Germany
846
+16
🇩🇪 Franks · Germany
801
+17
🇩🇪 Britons · Germany
800
+17
🇺🇦 Slavs · Ukraine
849
-17
🇩🇪 Lithuanians · Germany
837
-17
🇮🇳 Aztecs · India
814
-16
MandleMagenbrot
2:02 Loom
10:24 Feudal Age
10:55 Double-Bit Axe
11:29 Town Watch
13:46 Gold Mining
20:16 Castle Age
19:08 Forging
19:35 Scale Mail Armor
20:19 Stone Mining
21:42 Bow Saw
21:36 Elite Skirmisher
22:00 Crossbowman
23:09 Pikeman
27:46 Wheelbarrow
30:08 Hand Cart
33:43 Imperial Age
32:10 Gold Shaft Mining
32:06 Fortified Wall
33:22 Hand Cart
33:59 Ballistics
34:17 Husbandry
34:45 Squires
39:17 Cavalier
41:19 Scale Barding Armor
41:50 Iron Casting
41:31 Chain Mail Armor
40:52 Paladin
49:02 Blast Furnace
48:32 Plate Mail Armor
48:23 Chain Barding Armor
48:04 Padded Archer Armor
47:55 Fletching
aupaathletic
0:28 Loom
10:18 Feudal Age
10:49 Double-Bit Axe
12:15 Wheelbarrow
11:37 Town Watch
12:29 Horse Collar
23:19 Castle Age
23:10 Scale Mail Armor
23:21 Forging
23:39 Pikeman
26:24 Heavy Plow
29:26 Bow Saw
30:35 Stone Mining
30:38 Gold Mining
33:09 Hand Cart
36:14 Imperial Age
35:41 Stronghold
36:44 Gold Shaft Mining
36:47 Stone Shaft Mining
36:56 Ballistics
38:16 Fortified Wall
38:41 Conscription
38:07 Heavy Scorpion
38:46 Elite Skirmisher
40:43 Halberdier
42:39 Furor Celtica
coolsymbios
11:19 Feudal Age
11:52 Horse Collar
12:05 Stone Mining
12:24 Gold Mining
16:33 Wheelbarrow
19:34 Castle Age
18:06 Forging
19:19 Fletching
19:58 Double-Bit Axe
21:02 Bow Saw
26:00 Ballistics
27:19 Iron Casting
27:24 Pikeman
28:56 Bodkin Arrow
28:46 Elite Skirmisher
29:55 Scale Mail Armor
33:27 Imperial Age
31:34 Chain Mail Armor
31:31 Padded Archer Armor
32:39 Yeomen
34:01 Halberdier
35:24 Bracer
37:34 Blast Furnace
37:15 Onager
43:12 Elite Longbowman
vigneshbestar
11:34 Feudal Age
12:07 Double-Bit Axe
19:27 Castle Age
17:31 Gold Mining
18:26 Stone Mining
20:16 Wheelbarrow
20:35 Bow Saw
21:23 Squires
21:08 Gambesons
22:16 Elite Skirmisher
34:42 Imperial Age
34:25 Pikeman
36:59 Arson
38:19 Elite Jaguar Warrior
45:24 Atlatl
Spiderschwein
3:51 Loom
10:15 Feudal Age
10:52 Double-Bit Axe
17:10 Castle Age
17:04 Horse Collar
18:21 Bow Saw
22:18 Heavy Plow
24:03 Scale Barding Armor
24:49 Forging
25:13 Husbandry
26:20 Bloodlines
26:33 Chain Barding Armor
28:02 Iron Casting
32:44 Imperial Age
30:52 Ballistics
30:37 Fletching
31:01 Town Watch
32:18 Elite Skirmisher
34:26 Chemistry
33:38 Squires
33:23 Arson
32:59 Pikeman
33:10 Cavalier
34:33 Wheelbarrow
35:12 Conscription
36:03 Halberdier
40:09 Paladin
41:56 Hand Cart
42:22 Crop Rotation
42:55 Two-Man Saw
Gluyk
0:32 Loom
10:57 Feudal Age
12:18 Wheelbarrow
11:30 Town Watch
11:27 Horse Collar
11:38 Double-Bit Axe
21:40 Castle Age
19:52 Stone Mining
19:53 Gold Mining
21:11 Padded Archer Armor
21:22 Forging
22:55 Hand Cart
22:43 Heavy Plow
22:57 Bow Saw
23:47 Squires
27:12 Gold Shaft Mining
26:42 Town Patrol
27:41 Fortified Wall
27:49 Murder Holes
31:00 Detinets
35:21 Imperial Age
34:17 Leather Archer Armor
34:08 Scale Barding Armor
34:03 Scale Mail Armor
34:39 Iron Casting
33:55 Fletching
34:33 Ballistics
34:24 Masonry
33:57 Pikeman
34:14 Man-at-Arms
36:28 Conscription
35:30 Onager
37:06 Crop Rotation
37:43 Two-Man Saw
37:15 Caravan
38:46 Chemistry
37:09 Elite Skirmisher
39:11 Coinage
38:47 Bodkin Arrow
41:04 Siege Engineers
44:25 Heavy Scorpion
45:28 Capped Ram
Connection lost

Rejoining the realm…

Still unreachable

The connection could not be restored.

Session expired

The server has moved on; the page needs a fresh start.